 Dungeon Crawl Stone Soup version 0.28-a0-653-g7e9dba17c3 (webtiles) character file.

Game seed: 3601053649555762899

21 keeta the Ruffian (level 2, -2/23 HPs)
             Began as a Draconian Transmuter on Oct 12, 2021.
             Succumbed to a kobold's poison
             ... on level 1 of the Dungeon.
             The game lasted 00:03:09 (787 turns).

keeta the Ruffian (Draconian Transmuter)             Turns: 787, Time: 00:03:09

Health: -2/23      AC:  4    Str: 12    XL:     2   Next: 65%
Magic:  4/5        EV: 12    Int: 13    God:
Gold:   39         SH:  0    Dex: 11    Spells: 4/5 levels left

rFire   . . .      SeeInvis .   a - +0 dagger
rCold   . . .      Faith    .   (no shield)
rNeg    . . .      Spirit   .   (armour unavailable)
rPois   .          Reflect  .   (helmet currently unavailable)
rElec   .          Harm     .   (no cloak)
rCorr   .          Rampage  .   (no gloves)
Will    .....                   (boots currently unavailable)
Stlth   +.........              (no amulet)
HPRegen 0.07/turn               (no ring)
MPRegen 0.09/turn               (no ring)

@: lethally poisoned (-2 -> -15), appendages
A: horns 2, talons 2, AC +4, unfitting armour, cold-blooded
a: End Transformation


You were on level 1 of the Dungeon.
You had temporarily grown beastly horns and talons.
You visited 1 branch of the dungeon, and saw 1 of its levels.

You collected 39 gold pieces.

Inventory:

Hand Weapons
 a - a +0 dagger (weapon)
 b - a +0 whip
Jewellery
 c - a ring of magical power
Scrolls
 d - a scroll of immolation {unknown}


   Skills:
 + Level 1.1 Fighting
 + Level 2.0 Dodging
 + Level 3.5 Unarmed Combat
 + Level 2.1 Spellcasting
 + Level 2.3 Transmutations


You had 4 spell levels left.
You knew the following spells:

 Your Spells              Type           Power      Damage    Failure   Level
a - Beastly Appendage     Tmut           14%        N/A       10%         1

Your spell library contained the following spells:

 Spells                   Type           Power      Damage    Failure   Level
 Wereblood                Tmut           7%         N/A       14%         2
 Spider Form              Tmut/Pois      2%         N/A       43%         3
 Ice Form                 Ice/Tmut       4%         N/A       83%         4


Dungeon Overview and Level Annotations

Branches:
Dungeon (1/15)

Altars:


Innate Abilities, Weirdness & Mutations

You have temporarily grown beastly horns and talons.
Your plain brown scales are hard. (AC +4)
You cannot fit into any form of body armour.
You are cold-blooded and may be slowed by cold attacks.


Message History

You see here a +0 leather armour.
Found a leather armour.
Found a stone staircase leading down.
A kobold comes into view. It is wielding a +3 dagger of venom.
The kobold shouts!
You see here a scroll labelled SUBBYZ VACRAOC.
The kobold misses you.
You see here a scroll labelled SUBBYZ VACRAOC.
d - a scroll labelled SUBBYZ VACRAOC A quokka comes into view.
The kobold closely misses you. The kobold barely misses you.
The quokka twitches its whiskers.
You closely miss the kobold.
The kobold hits you with a +3 dagger of venom.
You are poisoned.
The quokka bites you.
You closely miss the kobold.
You feel sick. The kobold misses you. The quokka barely misses you.
You closely miss the kobold.
You feel sick. The quokka barely misses you.
The kobold hits you with a +3 dagger of venom.
You are more poisoned.
You closely miss the kobold.
Your tail-slap misses the kobold.
You feel sick. The quokka bites you. The kobold hits you but does no damage.
You are more poisoned.
You closely miss the kobold.
* * * LOW HITPOINT WARNING * * *
You feel very sick.
The quokka bites you but does no damage.
The kobold closely misses you. The quokka barely misses you.
You hit the kobold. You tail-slap the kobold.
The kobold is severely wounded.
* * * LOW HITPOINT WARNING * * *
You feel very sick. The kobold closely misses you. The quokka misses you.
Sorry, you're not good enough to have a special ability.
Casting: Beastly Appendage (safe; 10% risk of failure)
Confirm with . or Enter, or press ? or * to list all spells.
You grow a pair of large bovine horns.
Your feet morph into talons.
You die...

.... ### # ... ..##.## ..♣ ♣..
... ..♣ ♣...... ######## #.♣
♣.#.. ...>.... #.♣ ♣... .######
#.♣ ♣♣.# ......####.♣♣♣♣rK#
................@#
.####.####.####### .# #.# #.# .#
.# #.# #.. ##### #### .# .# #.#
######...####..## .# .######
..##.###.##.##.#######.#
.[##..##.#.#.###.####.#.#.......#
#.##....##.#..##.##..##.#.##.#(..
..##<.### #..#.#....####..##...#


You could see a quokka and a kobold.

Vanquished Creatures
  A dart slug (D:1)
  A bat (D:1)
  An endoplasm (D:1)
  A giant cockroach (D:1)
  2 goblins (D:1)
  2 hobgoblins (D:1)
  2 kobolds (D:1)
  A quokka (D:1)
  4 ball pythons (D:1)
  3 rats (D:1)
18 creatures vanquished.

Notes
Turn   | Place    | Note
-------+----------+-------------------------------------------
     0 | D:1      | keeta the Draconian Transmuter began the quest for the Orb.
     0 | D:1      | Reached XP level 1. HP: 16/16 MP: 3/3
   283 | D:1      | Reached XP level 2. HP: 23/23 MP: 3/5
   786 | D:1      | HP: 1/23 [poisoned by a kobold]
   787 | D:1      | Succumbed to a kobold's poison

Illustrated notes

Levels and vault maps discovered:
D:1:      dpeg_arrival_signposts, layout_loops_ring,
          shapermc_ecumenical_altar_starsandcircs,
          hangedman_decor_clover_reticule, nrook_campfire, minmay_bisected

Skill      XL: |  1  2 |
---------------+-------+-----
Dodging        | 2 |  2.0
Fighting       | |  1.1
Unarmed Combat | |  3.5
Spellcasting   | |  2.1
Transmutations | |  2.3

Action                   || total
-------------------------++-------
Melee: Unarmed           ||    16
       Dagger            ||    64
       Kick              ||     5
       Tailslap          ||     9
       Headbutt          ||     4
       Punch             ||     1
 Cast: Beastly Appendage ||     3
Armor: Skin              ||    25
Dodge: Dodged            ||    78

Table legend: (Time is in decaauts)
 A = Elapsed time spent in this place.
 B = Non-inter-level travel time spent in this place.
 C = Inter-level travel time spent in this place.
 D = Time resting spent in this place.
 E = Time spent auto-exploring this place.
 F = Levels seen in this place.
 G = Mean time per level.
                   A        B        C        D        E       F      G
               +--------+--------+--------+--------+--------+-----+--------+
         Total |    785 |    785 |      0 |    363 |    200 |   1 |  785.0 |
       Dungeon |    785 |    785 |      0 |    363 |    200 |   1 |  785.0 |
               +--------+--------+--------+--------+--------+-----+--------+

Top non-repeatable levels by time:
     D:1: 785 daAuts
